 Dungeon Crawl Stone Soup version 0.16.2-12-gd0ad4c3 (webtiles) character file.

170 Seneschal the Conjurer (level 5, -11/40 HPs)
             Began as a Draconian Conjurer on Sept 21, 2015.
             Mangled by a mummy (13 damage)
             ... in an ossuary.
             The game lasted 00:20:19 (3702 turns).

Seneschal the Conjurer (Draconian Conjurer)         Turns: 3702, Time: 00:20:19

Health: -11/40     AC:  5    Str:  8    XL:     5   Next: 25%
Magic:  2/8        EV: 13    Int: 17    God:
Gold:   153        SH:  0    Dex: 11    Spells: 2 memorised, 6 levels left

rFire  . . .     SeeInvis .     o - +0 blowgun
rCold  . . .     Clarity  .     (armour unavailable)
rNeg   . . .     SustAb   .     (no shield)
rPois  .         Gourm    .     (helmet restricted)
rElec  .         Spirit   .     (no cloak)
rCorr  .         Warding  .     (no gloves)
rMut   .         Stasis   .     (no boots)
MR     .....                    (no amulet)
Stlth  ++++......               d - ring of stealth
                                a - ring of stealth

@: very slightly contaminated, hasted, invisible, very quick, not resistant to
hostile enchantments, stealthy
A: unfitting armour, low mp 1, weak 1, cold-blooded, forlorn, AC +5
a: no special abilities


You were in an ossuary.
You were not hungry.

You visited 1 branch of the dungeon, and saw 4 of its levels.
You also visited: Ossuary.

You collected 153 gold pieces.

Inventory:

Hand weapons
 o - a +0 blowgun (weapon)
Missiles
 r - 10 poisoned needles (quivered)
Jewellery
 a - a ring of stealth (left hand)
 d - a ring of stealth (right hand)
 g - an uncursed ring of stealth
Scrolls
 e - a scroll of enchant weapon
 f - 3 scrolls of remove curse
 i - a scroll of fear
 k - 4 scrolls of identify
Books
 c - a book of Conjurations

   Spells                             Type                      Level
   a - Magic Dart                     Conjuration                  1
   b - Searing Ray                    Conjuration                  2
   c - Dazzling Spray                 Conjuration/Hexes            3
   d - Fulminant Prism                Conjuration/Hexes            4
   e - Iskenderun's Mystic Blast      Conjuration                  4
   f - Iskenderun's Battlesphere      Conjuration/Charms           5
Comestibles
 b - 2 bread rations
 m - 2 meat rations


   Skills:
 + Level 1.2 Fighting
 + Level 0.1 Throwing
 + Level 3.3 Dodging
 + Level 2.1 Stealth
 + Level 0.2 Unarmed Combat
 + Level 2.7 Spellcasting
 + Level 4.9 Conjurations


You had 6 spell levels left.
You knew the following spells:

 Your Spells              Type           Power        Failure   Level  Hunger
a - Magic Dart            Conj           ###.         2%          1    #......
b - Searing Ray           Conj           ###...       3%          2    ##.....


Dungeon Overview and Level Annotations

Branches:
Dungeon (4/15)
 Temple: D:4-7

Altars:
Nemelex Xobeh


Innate Abilities, Weirdness & Mutations

Your plain brown scales are hard (AC +5).
Your body does not fit into most forms of armour.
Your cold-blooded metabolism reacts poorly to cold.
Your magical capacity is low (-10% MP).
You are weak. (Str -2)
You have difficulty communicating with the divine.


Message History

* * * LOW HITPOINT WARNING * * *
You strike the helpless mummy from behind!
You clumsily bash the mummy but do no damage.
The mummy barely misses you. x2
The mummy misses you.
Casting: Magic Dart
Confirm with . or Enter, or press ? or * to list all spells.
You don't know that spell.
Eat which item? (? for menu, Esc to quit)
Okay, then.
Read which item? (? for menu, Esc to quit)
This spell is very dangerous to cast!
Memorise Fulminant Prism, consuming 4 spell levels and leaving 2?
The mummy hits you!
Your memorisation is interrupted.
* * * LOW HITPOINT WARNING * * *
You closely miss the mummy. The mummy completely misses you.
The mummy barely misses you. The mummy misses you.
You clumsily bash the mummy but do no damage.
The mummy closely misses you. The mummy hits you!
You die...

#..... ##..##......#
#.....##....##.....#
#......M...........#
#.........M...MM.##
##........Z.....##
#+##........##'#
##......##..##
##....##M...##
#....#@MZ(..##
#....#MMM.!?$#
#....#MM...?$#
#....#Z...?$$#
#....#...?.$##
#....##..!$$#
#....##..?$##
#.∩∩.###.?$# ######
#####


You could see 7 mummies, a big kobold zombie and an orc zombie.

Vanquished Creatures
  A worker ant (D:4)
  A mummy (Ossuary)
  4 adders
  A giant mite (D:3)
  3 worms
  2 giant geckos
  An ooze (D:2)
  8 bats
  A giant cockroach (D:2)
  7 goblins
  11 hobgoblins
  7 kobolds
  2 quokkas
  5 giant newts
  A gnoll zombie (Ossuary)
  A hobgoblin zombie (Ossuary)
  3 kobold zombies (Ossuary)
  An orc zombie (Ossuary)
  7 rats
67 creatures vanquished.

Notes
Turn   | Place    | Note
--------------------------------------------------------------
     0 | D:1      | Seneschal, the Draconian Conjurer, began the quest for the Orb.
     0 | D:1      | Reached XP level 1. HP: 14/14 MP: 3/3
    82 | D:1      | Reached XP level 2. HP: 17/20 MP: 0/4
   100 | D:1      | Learned a level 2 spell: Searing Ray
   939 | D:2      | Found a sparkling altar of Nemelex Xobeh.
  1035 | D:2      | Reached XP level 3. HP: 3/26 MP: 0/6
  1608 | D:2      | Gained mutation: You have difficulty communicating with the divine. [potion of mutation]
  1608 | D:2      | Gained mutation: You are weak. (Str -2) [potion of mutation]
  1608 | D:2      | Gained mutation: Your magical capacity is low (-10% MP). [potion of mutation]
  1936 | D:3      | Reached XP level 4. HP: 34/34 MP: 0/6
  2981 | D:4      | Reached XP level 5. HP: 18/39 MP: 2/8
  3232 | D:4      | Found a sand-covered staircase.
  3237 | Ossuary  | Entered an ossuary
  3641 | Ossuary  | Reached skill level 1 in Fighting
  3700 | Ossuary  | HP: 2/40 [mummy (8)]
  3702 | Ossuary  | Mangled by a mummy

Action                   |  1- 3 |  4- 6 || total
-------------------------+-------+-------++-------
Melee: Unarmed           |    84 |     9 ||    93
       Blowgun           |       |    67 ||    67
 Fire: Blowgun           |       |    10 ||    10
 Cast: Magic Dart        |    73 |    64 ||   137
       Searing Ray       |     4 |    13 ||    17
  Use: Potion            |     3 |     3 ||     6
       Scroll            |       |     6 ||     6
 Stab: Sleeping          |       |     2 ||     2
       Invisible         |       |     1 ||     1
  Eat: Bread ration      |     1 |     1 ||     2
       Fruit             |       |     3 ||     3
       Pizza             |       |     1 ||     1
       Beef jerky        |       |     1 ||     1
